 Dungeon Crawl Stone Soup version 0.28-a0-384-g9e0c098162 (webtiles) character file.

Game seed: 9304678875514368455

22 flotson the Sneak (level 2, -2/24 HPs)
             Began as a Merfolk Delver on Sept 2, 2021.
             Succumbed to a kobold's poison
             ... on level 2 of the Dungeon.
             The game lasted 00:02:06 (771 turns).

flotson the Sneak (Merfolk Delver)                   Turns: 771, Time: 00:02:06

Health: -2/24      AC:  3    Str: 12    XL:     2   Next: 91%
Magic:  2/2        EV: 12    Int:  9    God:
Gold:   57         SH:  0    Dex: 15    Spells: 1/1 levels left

rFire   . . .      SeeInvis .   a - +0 spear
rCold   . . .      Faith    .   (no shield)
rNeg    . . .      Spirit   .   b - +0 leather armour
rPois   .          Reflect  .   (no helmet)
rElec   .          Harm     .   (no cloak)
rCorr   .          Rampage  .   (no gloves)
Will    .....                   (no boots)
Stlth   +++.......              (no amulet)
HPRegen 0.08/turn               (no ring)
MPRegen 0.08/turn               (no ring)

@: lethally poisoned (-2 -> -20), hasted, very quick
A: (nimble swimmer 2), mertail
a: no special abilities


You were on level 2 of the Dungeon.
You visited 1 branch of the dungeon, and saw 4 of its levels.

You collected 57 gold pieces.

Inventory:

Hand Weapons
 a - a +0 spear (weapon)
Armour
 b - a +0 leather armour (worn)
Wands
 g - a wand of digging (3)
 i - a wand of paralysis (2)
Scrolls
 c - 2 scrolls of fog
 d - a scroll of blinking {unknown}


   Skills:
 + Level 3.6 Fighting
 + Level 3.5 Polearms
 + Level 0.6 Armour
 + Level 3.2 Dodging
 - Level 5.4 Stealth
 + Level 0.0 Evocations


You had one spell level left.
You didn't know any spells.
Your spell library was empty.

Dungeon Overview and Level Annotations

Branches:
Dungeon (5/15)
 Temple: D:4-7

Altars:
Qazlal
Ru


Innate Abilities, Weirdness & Mutations

((You are quick and stealthy near water. (Stealth+, EV+, Speed+++)))
Your lower body shifts to a powerful aquatic tail in water.


Message History

The helpless kobold fails to defend itself.
You hit the kobold but do no damage. You hit the kobold but do no damage.
The kobold hits you with a +2 short sword of venom.
You are poisoned.
You hit the kobold.
The kobold is severely wounded.
You feel sick.
The kobold hits you with a +2 short sword of venom.
You are lethally poisoned!
You barely miss the kobold.
The kobold is severely wounded.
You feel very sick. The kobold closely misses you.
You are too injured to fight recklessly!
You are too injured to fight recklessly!
You are too injured to fight recklessly!
You are too injured to fight recklessly!
You are too injured to fight recklessly!
You are too injured to fight recklessly!
You are too injured to fight recklessly!
You closely miss the kobold.
The kobold is severely wounded.
* * * LOW HITPOINT WARNING * * *
You feel sick. The kobold closely misses you.
It was a potion of magic.
Magic courses through your body.
* * * LOW HITPOINT WARNING * * *
You feel very sick. The kobold closely misses you.
You feel yourself speed up.
* * * LOW HITPOINT WARNING * * *
You feel sick. The kobold hits you but does no damage.
You are more poisoned.
You miss the kobold.
The kobold is severely wounded.
* * * LOW HITPOINT WARNING * * *
You feel sick.
You hit the kobold.
You kill the kobold!
You die...

##.####
...#...#
#......
#....#. ##
##...#$.#†##
#......#/#.#
#...#...@)###
##.......###.#
......#...)#
#.#.#...#.###
#.#...#..#.###
#.........#÷.#
#.......).###
##..#.#####
#........###


There were no monsters in sight!

Vanquished Creatures
  A gnoll (D:2)
  A bat (D:2)
  2 endoplasms
  A hobgoblin (D:2)
  2 quokkas
  2 ball pythons (D:2)
  2 kobolds (D:2)
  A rat (D:2)
12 creatures vanquished.

Notes
Turn   | Place    | Note
-------+----------+-------------------------------------------
     0 | D:5      | flotson the Merfolk Delver began the quest for the Orb.
     0 | D:5      | Reached XP level 1. HP: 18/18 MP: 1/1
    22 | D:5      | Found a stormy altar of Qazlal.
    48 | D:5      | Found a sacrificial altar of Ru.
    71 | D:5      | Noticed a hound
   233 | D:4      | Noticed a necrophage
   266 | D:4      | Noticed an iguana
   325 | D:2      | Reached XP level 2. HP: 16/24 MP: 2/2
   770 | D:2      | HP: 1/24 [poisoned by a kobold]
   771 | D:2      | Succumbed to a kobold's poison

Illustrated notes

Levels and vault maps discovered:
D:2:      layout_loops_corners, shapermc_ecumenical_altar_pompeii,
          minmay_misc_feat_plants, chequers_serial_rivers_large_b,
          chequers_serial_rivers_micro_b, minmay_increasing_density
D:3:      layout_rooms, nicolae_hepliaklqana_hippocampus, ebering_ghost_sewer_d,
          kennysheep_big_empty_room
D:4:      minmay_door_path, layout_loops_corners, uniq_edmund, uniq_ijyb,
          uniq_menkaure
D:5:      layout_basic, nicolae_qazlal_scattered_showers,
          nicolae_overflow_quartered_altars,
          mainiacjoe_overflow_concentric_impassable,
          minmay_temple_entry_large_hall, minmay_chambers_of_fives

Skill      XL: |  1  2 |
---------------+-------+-----
Dodging        | 3 |  3.2
Fighting       | |  3.6
Polearms       | |  3.5
Armour         | |  0.6
Stealth        | |  5.4

Action                   || total
-------------------------++-------
Melee: Spear             ||    45
Evoke: Wand              ||     2
  Use: Scroll            ||     2
       Potion            ||     2
 Stab: Sleeping          ||     6
       Paralysed         ||     2
Armor: Leather armour    ||     7
Dodge: Dodged            ||    16

Table legend: (Time is in decaauts)
 A = Elapsed time spent in this place.
 B = Non-inter-level travel time spent in this place.
 C = Inter-level travel time spent in this place.
 D = Time resting spent in this place.
 E = Time spent auto-exploring this place.
 F = Levels seen in this place.
 G = Mean time per level.
                   A        B        C        D        E       F      G
               +--------+--------+--------+--------+--------+-----+--------+
         Total |    767 |    767 |      0 |    253 |    365 |   4 |  191.8 |
       Dungeon |    767 |    767 |      0 |    253 |    365 |   4 |  191.8 |
               +--------+--------+--------+--------+--------+-----+--------+

Top non-repeatable levels by time:
     D:2: 488 daAuts
     D:4: 188 daAuts
     D:5: 81 daAuts
     D:3: 9 daAuts
